 Dungeon Crawl Stone Soup version 0.22-a0-271-gc000056 (webtiles) character file.

47 grindst0ne the Sneak (level 3, -4/28 HPs)
             Began as a Vampire Assassin on Mar 12, 2018.
             Killed from afar by Natasha (6 damage)
             ... with a magic dart
             ... on level 2 of the Dungeon.
             The game lasted 00:03:15 (1601 turns).

grindst0ne the Sneak (Vampire Assassin)             Turns: 1601, Time: 00:03:16

Health: -4/28      AC:  5    Str: 12    XL:     3   Next: 48%
Magic:  0/3        EV: 11    Int: 13    God:
Gold:   195        SH:  0    Dex: 16    Spells: 2/2 levels left

rFire    . . .     SeeInvis +   a - +2 dagger
rCold    + . .     Gourm    .   (no shield)
rNeg     + + .     Faith    .   c - +0 robe
rPois    +         Spirit   +   (no helmet)
rElec    .         Reflect  .   d - +0 cloak
rCorr    .         Harm     .   u - +0 pair of gloves
MR       .....                  n - +0 pair of boots
Stlth    ++++......             q - amulet of guardian spirit
HPRegen  0.04/turn              j - +2 ring of strength
MPRegen  0.08/turn              (no ring)

@: regenerating slowly, slowed, heavily drained, very slow
A: fangs 3, see invisible, unbreathing
a: Bat Form


You were on level 2 of the Dungeon.
You were very thirsty.

You visited 1 branch of the dungeon, and saw 2 of its levels.

You collected 195 gold pieces.

Inventory:

Hand Weapons
 a - a +2 dagger (weapon)
 b - a +0 blowgun
Missiles
 e - 8 poisoned needles
 f - 2 curare-tipped needles
Armour
 c - a +0 robe (worn)
 d - a +0 cloak (worn)
 n - a +0 pair of boots (worn)
 u - a +0 pair of gloves (worn)
Jewellery
 j - a +2 ring of strength (left hand)
 q - an amulet of guardian spirit (around neck)
Scrolls
 h - a scroll of immolation {unknown}
 k - 5 scrolls of identify {unknown}
 l - 2 scrolls of teleportation {unknown}
 p - a scroll of remove curse {unknown}
 r - a scroll of amnesia {unknown}
 s - 5 scrolls of enchant armour {unknown}
 v - a scroll of enchant weapon {unknown}
Potions
 g - 14 potions of blood
 i - a potion of heal wounds {unknown}
 m - a potion of might {unknown}
 o - a potion of brilliance {unknown}
 t - 2 potions of haste {unknown}
 w - a potion of lignification {unknown}


   Skills:
 + Level 2.8(1.5) Fighting
 - Level 2.1(0.9) Short Blades
 - Level 1.5(0.3) Throwing
 - Level 1.1(0.0) Dodging
 + Level 7.0(5.5) Stealth


You had 2 spell levels left.
You didn't know any spells.

Dungeon Overview and Level Annotations

Branches:
Dungeon (2/15)

Altars:
Dithmenos

Annotations:
D:2 Natasha


Innate Abilities, Weirdness & Mutations

You heal slowly.
You have razor-sharp teeth.
You have supernaturally acute eyesight. (SInv)
You can survive without breathing.


Message History

The shadow imp disappears in a puff of smoke!
Natasha barely misses you. Natasha claws you.
* * * LOW HITPOINT WARNING * * *
You hit Natasha.
Natasha is severely wounded.
Natasha hisses.
Natasha claws you but does no damage.
You hit Natasha.
Natasha is severely wounded.
Natasha claws you.
* * * LOW HITPOINT WARNING * * *
Natasha casts a spell.
You barely miss Natasha. Your bite misses Natasha.
Natasha is severely wounded.
Natasha mumbles some strange words.
You closely miss Natasha.
Natasha is severely wounded.
Natasha casts a spell at you. The magic dart hits you!
You die...

### #.......# .._.$.. ..#
#.#####.### .......
#.#####.# #.... .#.....
#.##....# ##### .......
#.##.#### #
#.....###.#..############
#........................
#......##5#.......#....(.
#.....5h@................
##.....##....##...##.####
#.....#####)####.##.# #
#[......#####.#..#.##.# #
#.###.#.......#<.#....# #
# ..'.......##....### #
#.##.......'.....# # #.
#.......###...# #
##....(..# #...# #


You could see Natasha, a crimson imp and a white imp.

Vanquished Creatures
  An adder (D:2)
  A leopard gecko (D:1)
  A giant cockroach (D:1)
  4 goblins
  8 hobgoblins
  2 jackals (D:1)
  A quokka (D:2)
  A ball python (D:1)
  6 bats
  A frilled lizard (D:1)
  6 kobolds (D:1)
  3 rats
  A fungus (D:1)
36 creatures vanquished.

Notes
Turn   | Place    | Note
-------+----------+-------------------------------------------
     0 | D:1      | grindst0ne the Vampire Assassin began the quest for the Orb.
     0 | D:1      | Reached XP level 1. HP: 16/16 MP: 1/1
    93 | D:1      | Reached skill level 6 in Stealth
   107 | D:1      | Reached XP level 2. HP: 9/22 MP: 2/2
  1142 | D:2      | Reached XP level 3. HP: 28/28 MP: 3/3
  1295 | D:2      | Noticed Natasha
  1322 | D:2      | Reached skill level 7 in Stealth
  1584 | D:2      | Found a shadowy altar of Dithmenos.
  1601 | D:2      | Killed from afar by Natasha

Vault maps used:
D:1:      dpeg_arrival_tiny_b, grunt_decor_cap, minmay_gold_behind_fungi,
          grunt_decor_one_mirror
D:2:      grunt_dithmenos_smoke, uniq_natasha

Skill      XL: |  1  2  3 |
---------------+----------+-----
Stealth        | 6 7 |  7.0
Fighting       | 2 |  2.8
Short Blades   | |  2.1
Throwing       | |  1.5
Dodging        | |  1.1

Action                   || total
-------------------------++-------
Melee: Dagger            ||   120
       Bite              ||    13
 Stab: Sleeping          ||    10
Armor: Robe              ||    27
Dodge: Dodged            ||    57

Table legend:
 A = Spawn XP
 B = Non-spawn XP
 C = Spawn XP percentage of total XP
 D = Spawn monster count
 E = Non-spawn monster count
 F = Spawn count percentage of total count
 G = Total turns spent on level
                    A         B        C        D         E        F      G
               +---------+---------+-------+---------+---------+-------+---------
         Total |       0 |      68 |   0.0 |       0 |      35 |   0.0 |  1601
               +---------+---------+-------+---------+---------+-------+---------
           D:1 |       0 |      39 |   0.0 |       0 |      25 |   0.0 |  1121
           D:2 |       0 |      29 |   0.0 |       0 |      10 |   0.0 |   480
               +---------+---------+-------+---------+---------+-------+---------
